 Dungeon Crawl Stone Soup version 0.30.0 (webtiles) character file.

Game seed: 3868277615625476579

2268 SnowToad the Cleaver (level 9, -3/75 HPs)
             Began as a Minotaur Berserker on Dec 3, 2023.
             Was an Elder of Trog.
             Slain by Pikel
             ... wielding a +0 whip of freezing
              (6 damage)
             ... on level 7 of the Dungeon.
             The game lasted 00:15:25 (6427 turns).

SnowToad the Cleaver (Minotaur Berserker)           Turns: 6427, Time: 00:15:25

Health: -3/75      AC: 12    Str: 27    XL:     9   Next: 16%
Magic:  8/8        EV:  9    Int: 13    God:    Trog [****..]
Gold:   328        SH:  5    Dex:  9    Spells: 8/8 levels left

rFire   . . .        a - +0 hand axe
rCold   . . .        i - +1 buckler "Loyschost" {Will+ Int+3}
rNeg    . . .        b - +0 chain mail
rPois   .            (helmet restricted)
rElec   .            (no cloak)
rCorr   .            w - +0 pair of gloves
SInv    +            g - +0 pair of boots
Will    +....        (no amulet) Stlth
                     q - +6 ring of intelligence
HPRegen 0.32/turn    p - ring of see invisible
MPRegen 0.11/turn

%: no passive effects
@: no status effects
A: horns 2, retaliatory headbutt
a: Renounce Religion, Berserk, Trog's Hand, Brothers in Arms


You were on level 7 of the Dungeon.
You worshipped Trog.
Trog was greatly pleased with you.
You visited 1 branch of the dungeon, and saw 8 of its levels.
You also visited: Ossuary.

You collected 328 gold pieces.

Inventory:

Hand Weapons
 a - a +0 hand axe (weapon)
 h - a +2 short sword of holy wrath
Armour
 b - a +0 chain mail (worn)
 g - a +0 pair of boots (worn)
 i - the +1 buckler "Loyschost" (worn) {Will+ Int+3}
   (You took it off a hobgoblin on level 2 of the Dungeon)

   Int:       It affects your intelligence (+3).
   Will:      It increases your willpower.
 w - a +0 pair of gloves (worn)
Jewellery
 j - a ring of ice
 p - a ring of see invisible (right hand)
 q - a +6 ring of intelligence (left hand)
 v - a ring of ice
 G - a ring of willpower
Wands
 r - a wand of charming (18)
 u - a wand of flame (16)
Scrolls
 d - 6 scrolls of enchant armour {unknown}
 e - 13 scrolls of identify {unknown}
 l - a scroll of blinking {unknown}
 m - 2 scrolls of teleportation {unknown}
 o - 3 scrolls of noise {unknown}
 s - a scroll of poison {unknown}
 t - a scroll of silence {unknown}
 x - 2 scrolls of immolation {unknown}
 y - a scroll of magic mapping {unknown}
 E - 2 scrolls of enchant weapon {unknown}
 F - a scroll of fear {unknown}
Potions
 c - 2 potions of magic {unknown}
 f - 4 potions of resistance {unknown}
 k - 5 potions of curing {unknown}
 n - a potion of attraction {unknown}
 z - 5 potions of heal wounds {unknown}
 A - 2 potions of ambrosia {unknown}
 B - 2 potions of flight {unknown}
 C - a potion of degeneration {unknown}
 D - a potion of haste {unknown}
 H - a potion of lignification {unknown}


   Skills:
 + Level 6.0 Fighting
 * Level 12.5 Axes
 + Level 5.1 Armour
 - Level 2.5 Dodging
 + Level 4.2 Shields


You had 8 spell levels left.
You didn't know any spells.
Your spell library was empty.

Dungeon Overview and Level Annotations

Branches:
Dungeon (8/15)            Ossuary (visited)
 Temple: D:4-7         Lair: D:8-11

Altars:
Cheibriados
Elyvilon
Kikubaaqudgha
Qazlal
Ru
Wu Jian
Xom
The Shining One

Shops:
D:1 (   D:4 =

Annotations:
D:7 Pikel


Innate Abilities, Weirdness & Mutations

You have a pair of horns on your head.
You reflexively headbutt those who attack you in melee.


Message History

Pikel is moderately wounded.
Pikel attacks as you move away! You block Pikel's attack.
Pikel attacks as you move away!
Pikel hits you with a +0 whip of freezing.
Pikel freezes you. You block Pikel's attack. Pikel closely misses you.
You furiously retaliate!
You headbutt Pikel! The lemure hits you!
The lemure hits you but does no damage. The lemure attacks as you move away!
The lemure hits you but does no damage. Pikel attacks as you move away!
Pikel closely misses you. You furiously retaliate!
You headbutt Pikel. Pikel attacks as you move away!
Pikel hits you with a +0 whip of freezing!
* * * LOW HITPOINT WARNING * * *
Pikel freezes you.
* * * LOW HITPOINT WARNING * * *
The lemure attacks as you move away! The lemure hits you but does no damage.
Pikel attacks as you move away!
Pikel hits you with a +0 whip of freezing.
* * * LOW HITPOINT WARNING * * *
Pikel freezes you.
* * * LOW HITPOINT WARNING * * *
Pikel attacks as you move away! Pikel hits you but does no damage.
Pikel says, "Hell isn't that bad."
Pikel hits you with a +0 whip of freezing!
* * * LOW HITPOINT WARNING * * *
Pikel freezes you.
* * * LOW HITPOINT WARNING * * *
The lemure hits you.
* * * LOW HITPOINT WARNING * * *
The lemure attacks as you move away! The lemure barely misses you.
You furiously retaliate!
You headbutt the lemure! Pikel closely misses you.
Pikel attacks as you move away! Pikel hits you but does no damage.
The ice beast hits you but does no damage.
The lemure attacks as you move away! The lemure closely misses you.
Pikel attacks as you move away!
Pikel hits you with a +0 whip of freezing.
You die...

.# . ####....#..........## ##
..####....#..........#
.....................#
#..........##.........+
#.......##.##...#.#[....
...#.#..5.....#...#..#. #.
####.#.#.5.....#.....#...
..##......5KY..##...._......
####'..#..#..@.####.#.....#.#.
.......#.#..........#...#....
#...........#####...#. ###
#..............# .. ..#
#..............###
..##.#................#
.....#........##....#.#.........
..####.........+....# .........
..........######....# #.......


You could see Pikel, an ice beast and 3 lemures.

Vanquished Creatures
  Menkaure (D:4)
  A water moccasin (D:6)
  3 ogres
  An orc warrior (D:6)
  A black bear (D:7)
  A centaur (D:5)
  A phantom (D:5)
  A lemure (D:7)
  An elf zombie (Ossuary)
  2 scorpions
  2 bullfrogs (D:6)
  5 howler monkeys
  3 centaur zombies (Ossuary)
  3 jellies
  4 hounds
  2 orc priests (D:6)
  2 sleepcaps
  4 iguanas
  Natasha (thrice) (D:4)
  2 ogre zombies (Ossuary)
  7 mummies (Ossuary)
  4 gnolls (D:5)
  7 adders
  2 ufetubi
  5 adder zombies (Ossuary)
  A worm (D:5)
  4 dart slugs
  10 orcs
  3 ball pythons
  A bat zombie (D:6)
  7 endoplasms
  6 giant cockroaches
  3 goblins
  7 hobgoblins
  8 jackals
  5 quokkas
  5 bats
  3 frilled lizards
  3 goblin zombies (Ossuary)
  A hobgoblin zombie (Ossuary)
  5 kobolds
  3 kobold zombies (Ossuary)
  6 quokka zombies (Ossuary)
  7 rats
  6 rat zombies (Ossuary)
162 creatures vanquished.

Notes
Turn   | Place    | Note
-------+----------+-------------------------------------------
     0 | D:1      | SnowToad the Minotaur Berserker began the quest for the
                  | Orb.
     0 | D:1      | Reached XP level 1. HP: 19/19 MP: 0/0
    13 | D:1      | Noticed a demonspawn zombie
    55 | D:1      | Reached XP level 2. HP: 13/27 MP: 1/1
   147 | D:1      | Found Houf's Weapon Shoppe.
   285 | D:1      | Reached skill level 4 in Axes
   559 | D:1      | Reached XP level 3. HP: 33/33 MP: 2/2
   566 | D:1      | Reached ** piety under Trog
   848 | D:2      | Found a glowing golden altar of the Shining One.
   979 | D:2      | Identified the +1 buckler "Loyschost" {Will+ Int+3}
   985 | D:2      | Reached skill level 5 in Axes
  1191 | D:2      | You fall into a shaft and drop 2 floors!
  1196 | D:4      | Noticed Natasha
  1199 | D:4      | Killed Natasha
  1200 | D:4      | Reached XP level 4. HP: 38/40 MP: 3/3
  1207 | D:4      | Noticed Natasha
  1221 | D:4      | Killed Natasha
  1222 | D:4      | Reached skill level 6 in Axes
  1535 | D:3      | Reached XP level 5. HP: 46/46 MP: 4/4
  2405 | D:3      | Reached skill level 7 in Axes
  2498 | D:4      | Noticed Natasha
  2507 | D:4      | Killed Natasha
  2541 | D:4      | Found Ysis's Jewellery Shoppe.
  2642 | D:4      | Reached XP level 6. HP: 47/52 MP: 5/5
  2759 | D:4      | Found a shimmering altar of Xom.
  2760 | D:4      | Found an ornate altar of the Wu Jian Council.
  2865 | D:4      | Reached skill level 8 in Axes
  2982 | D:4      | Noticed Menkaure
  3015 | D:4      | Found a white marble altar of Elyvilon.
  3040 | D:4      | Killed Menkaure
  3041 | D:4      | Reached skill level 9 in Axes
  3360 | D:4      | Reached *** piety under Trog
  3481 | D:5      | Entered Level 5 of the Dungeon
  3496 | D:5      | Reached XP level 7. HP: 53/58 MP: 6/6
  3577 | D:5      | Found a sand-covered staircase.
  3691 | D:5      | Reached skill level 10 in Axes
  3813 | D:5      | Found a snail-covered altar of Cheibriados.
  4028 | Ossuary  | Entered an ossuary
  4110 | Ossuary  | Reached skill level 11 in Axes
  4216 | Ossuary  | Reached skill level 1 in Shields
  4216 | Ossuary  | Reached XP level 8. HP: 45/66 MP: 7/7
  4518 | Ossuary  | Reached **** piety under Trog
  5013 | D:6      | Reached skill level 5 in Fighting
  5205 | D:6      | Found an ancient bone altar of Kikubaaqudgha.
  5258 | D:6      | Reached skill level 12 in Axes
  6002 | D:6      | Reached XP level 9. HP: 75/75 MP: 8/8
  6241 | D:7      | Reached skill level 5 in Armour
  6258 | D:7      | Found a sacrificial altar of Ru.
  6346 | D:7      | Found a stormy altar of Qazlal.
  6373 | D:7      | Noticed Pikel
  6423 | D:7      | HP: 2/75 [lemure[Pikel] (3)]
  6427 | D:7      | Slain by Pikel

Illustrated notes

Levels and vault maps discovered:
D:1:      shiori_arrival_whats_in_store_for_you, layout_rooms, serial_shops,
          nicolae_shop_scrapyard
D:2:      layout_loops_ring, basic_altar
D:3:      layout_basic
D:4:      layout_loops_ring, mainiacjoe_overflow_catwalk_spiral,
          elyvilon_altar_3, serial_shops, shop, uniq_natasha, uniq_menkaure
D:5:      layout_loops_ring, slow_altar_2, nicolae_ossuary_entry_false_entrances
D:6:      layout_basic, lemuel_zombie_altar_kikubaaqudgha
D:7:      layout_basic, lemuel_crystal_altar, makhleb_grotto_becter,
          mainiacjoe_overflow_swirl, nicolae_qazlal_beasts_of_the_sky,
          minmay_temple_entry_statues_fountains, uniq_pikel
D:8:      layout_basic

Skill      XL: |  1  2  3  4  5  6  7  8  9 |
---------------+----------------------------+-----
Axes           | 4 5 6 7 9 11 12 | 12.5
Fighting       | 4 5 6 |  6.0
Armour         | 3 4 5 |  5.1
Shields        | 1 3 4 |  4.2
Dodging        | |  2.5

Action                     |  1- 3 |  4- 6 |  7- 9 || total
---------------------------+-------+-------+-------++-------
  Melee: Hand axe          |    84 |   122 |   325 ||   531
         Headbutt          |    14 |    15 |    73 ||   102
         Short sword       |    27 |       |    27 ||    54
         Punch             |     1 |       |       ||     1
  Evoke: Wand              |       |     1 |       ||     1
 Armour: Animal skin       |    20 |       |       ||    20
         Chain mail        |     8 |    34 |   127 ||   169
         Ring mail         |     2 |       |       ||     2
  Dodge: Dodged            |    76 |    46 |   129 ||   251
  Block: Buckler           |       |    16 |    47 ||    63
